 Dungeon Crawl Stone Soup version 0.24-a0-375-g4de66ed42b (webtiles) character file.

Game seed: 9503085497627508297

270 MrOobling the Skirmisher (level 6, -13/43 HPs)
             Began as a Demonspawn Chaos Knight on May 31, 2019.
             Was a Plaything of Xom.
             Mangled by an ogre
             ... wielding a +0 giant spiked club
              (19 damage)
             ... on level 4 of the Dungeon.
             The game lasted 00:16:14 (2630 turns).

MrOobling the Skirmisher (Demonspawn Chaos Knight)  Turns: 2630, Time: 00:16:15

Health: -13/43     AC:  0    Str: 15      XL:     6   Next: 1%
Magic:  6/6        EV:  9    Int: 11      God:    Xom [*.....]
Gold:   118        SH: 10    Dex:  8 (10) Spells: 5/5 levels left

rFire    + . .     SeeInvis .   a - +0 hand axe (chaos)
rCold    + . .     Gourm    .   g - +2 shield
rNeg     . . .     Faith    .   (no armour)
rPois    .         Spirit   .   (helmet restricted)
rElec    .         Reflect  .   (no cloak)
rCorr    .         Harm     .   (no gloves)
MR       .....                  (no boots)
Stlth    +.........             w - amulet of magic regeneration
HPRegen  0.14/turn              u - ring of protection from cold
MPRegen  0.35/turn              (no ring)

@: no status effects
A: antennae 1, claws 1, hooves 2, clumsy 1, dopey 1, fire resistance 1, frail 1,
evolution 1
a: Renounce Religion


You were on level 4 of the Dungeon.
You worshipped Xom.
You were a special plaything of Xom.
You were not hungry.

You visited 1 branch of the dungeon, and saw 4 of its levels.

You collected 118 gold pieces.

Inventory:

Hand Weapons
 a - a +0 hand axe of chaos (weapon)
 j - a -1 hand axe
Armour
 b - a +2 leather armour
 g - a +2 shield (worn)
 n - a +0 scale mail
 p - a +2 ring mail of magic resistance
 B - a +0 ring mail of magic resistance
Magical Staves
 A - an uncursed staff of cold {unknown}
Jewellery
 u - a ring of protection from cold (left claw)
 w - an amulet of magic regeneration (around neck)
 x - an uncursed ring of teleportation
Wands
 y - a wand of random effects (26)
Scrolls
 d - 2 scrolls of remove curse
 e - 7 scrolls of identify {unknown}
 f - a scroll of magic mapping {unknown}
 i - a scroll of random uselessness {unknown}
 l - 3 scrolls of teleportation {unknown}
 m - a scroll of fog {unknown}
 r - 3 scrolls of blinking {unknown}
 z - a scroll of enchant armour {unknown}
Potions
 h - 2 potions of heal wounds {unknown}
 k - 2 potions of magic {unknown}
 o - a potion of ambrosia {unknown}
 q - a potion of curing {unknown}
 s - a potion of berserk rage {unknown}
 t - 2 potions of invisibility {unknown}
Comestibles
 c - 5 rations
 v - 5 chunks of flesh


   Skills:
 + Level 3.9 Fighting
 - Level 2.8 Axes
 + Level 2.8 Armour
 - Level 1.2 Dodging
 * Level 2.6 Shields
 + Level 2.7 Unarmed Combat


You had 5 spell levels left.
You didn't know any spells.
Your spell library was empty.

Dungeon Overview and Level Annotations

Branches:
Dungeon (4/15)
 Temple: D:4-7

Altars:
Xom

Annotations:
D:3 Grinder


Innate Abilities, Weirdness & Mutations

You have a pair of small antennae on your head.
You have sharp fingernails.
You have hoof-like feet.
You are clumsy. (Dex -2)
You are dopey. (Int -2)
Your flesh is heat resistant. (rF+)
You are frail. (-10% HP)
You evolve.


Message History

The ogre is moderately wounded.
You block the ogre's attack.
You hit the ogre but do no damage.
The ogre is moderately wounded.
You block the ogre's attack.
You hit the ogre.
The ogre appears confused.
You kick the ogre, but do no damage.
The ogre is heavily wounded.
The ogre barely misses you.
You hit the ogre. You freeze the ogre. You kick the ogre, but do no damage.
The ogre is severely wounded.
You hit the ogre. You burn the ogre.
The ogre is severely wounded.
The ogre gestures wildly.
The ogre seems less confused.
You block the ogre's attack.
You hit the ogre but do no damage. You kick the ogre.
The ogre is almost dead.
The ogre hits you with a +0 giant spiked club!!
You die...
Xom thinks this is hilarious!

#### ##...
#...#######..O.#
.........+....#
.......#....#
#...O#....#
##..@.#....#
+.....#....#
#.....'....#
##...##....#
#...#...<.#
#...#.....#
#...#.....#
....#.....#
.....#.....#


You could see an ogre.

Vanquished Creatures
  A scorpion (D:2)
  Jessica (D:3)
  Ijyb (D:3)
  A worker ant (D:4)
  5 adders
  An adder skeleton (D:3)
  A worm (D:2)
  2 dart slugs (D:3)
  A leopard gecko (D:1)
  4 orcs
  4 ball pythons
  9 bats
  2 giant cockroaches
  10 goblins
  10 hobgoblins
  8 jackals (D:2)
  3 quokkas
  7 frilled lizards
  6 kobolds
  7 rats
84 creatures vanquished.

Notes
Turn   | Place    | Note
-------+----------+-------------------------------------------
     0 | D:1      | MrOobling the Demonspawn Chaos Knight began the quest for
                  | the Orb.
     0 | D:1      | Reached XP level 1. HP: 18/18 MP: 1/1
    27 | D:1      | Reached skill level 1 in Dodging
    32 | D:1      | XOM: butterfly on damage
    33 | D:1      | XOM: harmless Ice miscast
   137 | D:1      | Gained mutation: You have sharp fingernails. [demonic
                  | ancestry]
   137 | D:1      | Reached XP level 2. HP: 15/24 MP: 2/2
   158 | D:1      | XOM: cast spell 'Dispersal'
   380 | D:1      | XOM: enchant monster (bad)
   390 | D:1      | XOM: scenery: create altars
   502 | D:1      | XOM: give mutation
   502 | D:1      | Gained mutation: You are clumsy. (Dex -2) [Xom's mischief]
   555 | D:1      | XOM: harmless Ice miscast
   779 | D:2      | Gained mutation: You have large cloven feet. [demonic
                  | ancestry]
   779 | D:2      | Reached XP level 3. HP: 25/29 MP: 3/3
   798 | D:2      | Reached skill level 1 in Shields
   876 | D:2      | XOM: harmless Ice miscast
   904 | D:2      | Reached skill level 1 in Unarmed Combat
   949 | D:2      | Noticed a scorpion
  1064 | D:2      | XOM: silly message
  1254 | D:2      | Reached XP level 4. HP: 35/35 MP: 4/4
  1281 | D:2      | XOM: harmless Necr miscast
  1288 | D:2      | XOM: cloud trail
  1470 | D:2      | XOM: cloud trail
  1502 | D:2      | Reached XP level 5. HP: 29/41 MP: 5/5
  1546 | D:2      | XOM: give mutations
  1546 | D:2      | Gained mutation: You evolve. [Xom's mischief]
  1546 | D:2      | Gained mutation: Your flesh is heat resistant. (rF+) [Xom's
                  | mischief]
  1546 | D:2      | Gained mutation: You are dopey. (Int -2) [Xom's mischief]
  1546 | D:2      | Gained mutation: Scrolls take you a little longer to read.
                  | [Xom's mischief]
  1895 | D:3      | Noticed Ijyb
  1905 | D:3      | Killed Ijyb
  2032 | D:3      | XOM: enchant monster (good)
  2082 | D:3      | Noticed Jessica
  2090 | D:3      | XOM: blink monster(s)
  2092 | D:3      | Killed Jessica
  2104 | D:3      | Noticed Grinder
  2115 | D:3      | XOM: cast spell 'Cause Fear'
  2125 | D:3      | XOM: swap monsters
  2127 | D:3      | XOM: medium Tmut miscast
  2129 | D:3      | HP: 1/42 [Grinder (4)]
  2169 | D:3      | XOM: give mutations
  2169 | D:3      | Lost mutation: Scrolls take you a little longer to read.
                  | [Xom's mischief]
  2169 | D:3      | Gained mutation: You have hoof-like feet. [Xom's mischief]
  2203 | D:3      | Gained mutation: You are frail. (-10% HP) [evolution]
  2300 | D:3      | XOM: stat loss: -1 Dex (9/10)
  2357 | D:3      | XOM: harmless Necr miscast
  2379 | D:3      | XOM: polymorph Grinder -> Grinder
  2537 | D:4      | Gained mutation: You have a pair of small antennae on your
                  | head. [demonic ancestry]
  2537 | D:4      | Reached XP level 6. HP: 33/43 MP: 6/6
  2601 | D:4      | XOM: stat loss: -1 Dex (8/10)
  2630 | D:4      | Mangled by an ogre

Levels and vault maps discovered:
D:1:      psy_arrival_basics, layout_loops_ring, st_stairs_11
D:2:      layout_basic, minmay_heptomino_h4
D:3:      layout_loops_ring, marbit_many_paths, uniq_jessica, uniq_ijyb,
          uniq_grinder
D:4:      layout_gridville, first_ration

Skill      XL: |  1  2  3  4  5 |
---------------+----------------+-----
Dodging        | 1 |  1.2
Armour         | 2 |  2.8
Shields        | 1 2 |  2.6
Unarmed Combat | 1 2 |  2.7
Fighting       | |  3.9
Axes           | |  2.8

Action                   |  1- 3 |  4- 6 || total
-------------------------+-------+-------++-------
Melee: Hand axe          |   150 |   116 ||   266
       Kick              |     9 |    26 ||    35
  Use: Scroll            |     1 |     1 ||     2
 Stab: Petrified         |     2 |       ||     2
  Eat: Chunk             |     1 |     5 ||     6
Armor: Leather armour    |    41 |       ||    41
       Ring mail         |     8 |    31 ||    39
Dodge: Dodged            |    50 |    24 ||    74
Block: Shield            |    56 |    51 ||   107

Table legend:
 A = Non-vault XP
 B = Vault XP
 C = Vault XP percentage of total XP
 D = Non-vault monster count
 E = Vault monster count
 F = Vault count percentage of total count
                 A         B        C        D         E       F
            +---------+---------+-------+---------+---------+-------
      Total |     234 |     152 |  39.4 |      77 |       7 |   8.3
            +---------+---------+-------+---------+---------+-------
        D:1 |      36 |       3 |   7.7 |      22 |       2 |   8.3
        D:2 |      82 |      76 |  48.1 |      33 |       3 |   8.3
        D:3 |      75 |      73 |  49.3 |      18 |       2 |  10.0
        D:4 |      41 |       0 |   0.0 |       4 |       0 |   0.0
            +---------+---------+-------+---------+---------+-------
